 Dungeon Crawl Stone Soup version 0.31-a0-229-g1fc7ce93e2 (webtiles) character file.

Game seed: 4910594511527948254

125 qw the Shooter (level 4, -7/37 HPs)
             Began as a Minotaur Hexslinger on July 6, 2023.
             Was an Initiate of Okawaru.
             Mangled by a gnoll
             ... wielding a +0 halberd
              (10 damage)
             ... on level 3 of the Dungeon.
             The game lasted 00:00:46 (1851 turns).

qw the Shooter (Minotaur Hexslinger)                Turns: 1851, Time: 00:00:47

Health: -7/37      AC:  6    Str: 13    XL:     4   Next: 82%
Magic:  4/4        EV: 11    Int: 10    God:    Okawaru [......]
Gold:   149        SH:  0    Dex: 14    Spells: 4/5 levels left

rFire   . . .        Y - +0 shortbow
rCold   . . .        (shield currently unavailable)
rNeg    . . .        b - +0 ring mail
rPois   .            (helmet restricted)
rElec   .            (no cloak)
rCorr   .            e - +0 pair of gloves
SInv    .            (no boots)
Will    .....        (no amulet)
Stlth   +            (no ring)
HPRegen 0.26/turn    (no ring)
MPRegen 0.09/turn

%: no passive effects
@: about to teleport
A: horns 2, retaliatory headbutt
a: Renounce Religion


You were on level 3 of the Dungeon.
You worshipped Okawaru.
Okawaru was noncommittal.
You visited 1 branch of the dungeon, and saw 3 of its levels.

You collected 149 gold pieces.


Innate Abilities, Weirdness & Mutations

You have a pair of horns on your head.
You reflexively headbutt those who attack you in melee.


   Skills:
 + Level 2.6 Fighting
 - Level 5.0 Ranged Weapons
 - Level 1.0 Armour
 - Level 2.1 Dodging
 - Level 1.0 Spellcasting
 - Level 2.0 Hexes


You had 4 spell levels left.
You knew the following spells:

 Your Spells              Type           Power      Damage    Failure   Level
a - Slow                  Hex            16%        N/A       32%         1

Your spell library contained the following spells:

 Spells                   Type           Power      Damage    Failure   Level
 Inner Flame              Hex/Fire       2%         N/A       82%         3
 Portal Projectile        Hex/Tloc       4%         N/A       82%         3
 Cause Fear               Hex            2%         N/A       97%         4

Inventory:

Hand Weapons
 Y - a +0 shortbow (weapon)
Armour
 b - a +0 ring mail (worn)
 e - a +0 pair of gloves (worn)
Scrolls
 a - a scroll of identify
Potions
 c - a potion of enlightenment {unknown}
 f - a potion of might
 g - a potion of ambrosia {unknown}

Dungeon Overview and Level Annotations

Branches:
Dungeon (3/15)

Altars:
Okawaru
Wu Jian
The Shining One


Message History

You shoot an arrow. The arrow barely misses the gnoll.
The gnoll hits you from afar with a +0 halberd.
A gnoll comes into view. It is wielding a +0 whip.
You shoot an arrow. The arrow hits the gnoll.
The gnoll is moderately wounded.
The gnoll hits you with a +0 whip. The gnoll closely misses you.
You shoot an arrow. The arrow completely misses the gnoll.
The gnoll hits you with a +0 whip. The gnoll barely misses you.
The gnoll hits you but does no damage.
The gnoll hits you from afar with a +0 halberd.
You shoot an arrow. The arrow barely misses the gnoll.
The gnoll barely misses you. The gnoll hits you with a +0 whip.
You shoot an arrow. The arrow closely misses the gnoll.
The gnoll misses you. The gnoll hits you with a +0 whip.
You shoot an arrow.
The arrow hits the gnoll but does no damage.
The gnoll is moderately wounded.
The gnoll barely misses you. The gnoll hits you but does no damage.
You shoot an arrow. The arrow hits the gnoll.
The gnoll is moderately wounded.
The gnoll closely misses you. x2; The gnoll hits you with a +0 whip.
The gnoll barely misses you.
You shoot an arrow. The arrow hits the gnoll!
The gnoll is almost dead.
The gnoll hits you from afar with a +0 halberd!
The gnoll hits you with a +0 whip.
1849 ||| READING scroll of teleportation.
As you read the scroll of teleportation, it crumbles to dust.
You feel strangely unstable. The gnoll barely misses you.
The gnoll hits you with a +0 whip.
You shoot an arrow. The arrow hits the gnoll.
You kill the gnoll!
Okawaru accepts your kill. The gnoll barely misses you.
You shoot an arrow.
The arrow hits the gnoll but does no damage.
The gnoll is severely wounded.
The gnoll completely misses you.
The gnoll hits you from afar with a +0 halberd!
You die...

#..8..# #.# .#
#.8_8.# #.# #.#
#..8..####<####.#
#
#######.......^#
.# >..........##
#.# #.........##
#..#
#..####.##.##
#g..# #.
#.##..###g... .
..##.#@#(<##
#####.#.)g..#
#..)..........
#.#.#.....#.##
....##..#.#
........###..
##......## #..
#.. # ... ... #.


You could see a gnoll.

Vanquished Creatures
  Terence (D:2)
  An adder (D:2)
  2 gnolls (D:3)
  3 worms (D:2)
  2 dart slugs
  2 bats (D:1)
  7 endoplasms
  3 giant cockroaches
  4 hobgoblins
  3 jackals (D:1)
  5 quokkas
  5 ball pythons
  3 frilled lizards (D:1)
  4 goblins
  6 kobolds
  7 rats
58 creatures vanquished.

Notes
Turn   | Place    | Note
-------+----------+-------------------------------------------
     0 | D:1      | qw the Minotaur Hexslinger began the quest for the Orb.
     0 | D:1      | Reached XP level 1. HP: 16/16 MP: 1/1
     0 | D:1      | 0 ||| qw: Version: 0.3-a-46-gb1f654a
     0 | D:1      | 0 ||| qw: Game counter: 1223
     0 | D:1      | 0 ||| qw: Melee chars always use a shield: true
     0 | D:1      | 0 ||| qw: God list: Okawaru
     0 | D:1      | 0 ||| qw: Allow faded altars: false
     0 | D:1      | 0 ||| qw: Do Orc after clearing Dungeon:15 true
     0 | D:1      | 0 ||| qw: Do second Lair branch before Depths: true
     0 | D:1      | 0 ||| qw: Lair rune preference: random
     0 | D:1      | 0 ||| qw: Goals: Normal
     0 | D:1      | 0 ||| PLANNING D:1-11
    45 | D:1      | 45 ||| FLEEEEING.
    49 | D:1      | 49 ||| FLEEEEING.
    50 | D:1      | 50 ||| FLEEEEING.
    73 | D:1      | Reached skill level 3 in Ranged Weapons
    73 | D:1      | Reached XP level 2. HP: 23/23 MP: 2/2
   428 | D:1      | Reached XP level 3. HP: 29/29 MP: 3/3
   689 | D:1      | 689 ||| READING scroll labelled ALEM ZUETUBOJ.
   690 | D:1      | 690 ||| READING scroll labelled AJUAGA SULL.
   691 | D:1      | 691 ||| READING scroll labelled LOUSHU ROASEUDGH.
   692 | D:1      | 692 ||| READING scroll labelled INAYZX QEGGA.
   696 | D:1      | 696 ||| DROPPING scroll of poison.
   917 | D:2      | Reached skill level 4 in Ranged Weapons
   966 | D:2      | Noticed Terence
   974 | D:2      | Killed Terence
   975 | D:2      | Reached XP level 4. HP: 36/36 MP: 4/4
  1221 | D:2      | 1221 ||| SWAPPING to +0 shortbow.
  1244 | D:2      | 1244 ||| DROPPING +1 sling.
  1450 | D:2      | Found a faded altar of an unknown god.
  1497 | D:2      | 1497 ||| UPGRADING to +0 ring mail.
  1507 | D:2      | 1507 ||| DROPPING +0 robe.
  1508 | D:2      | 1508 ||| READING scroll labelled CULOJ QIARUFFIM.
  1509 | D:2      | 1509 ||| READING 2 scrolls of identify.
  1509 | D:2      | 1509 ||| IDENTIFYING fuming emerald potion
  1510 | D:2      | 1510 ||| DROPPING potion of attraction.
  1579 | D:3      | Found a glowing golden altar of the Shining One.
  1580 | D:3      | Found an ornate altar of the Wu Jian Council.
  1772 | D:3      | Reached skill level 1 in Armour
  1773 | D:3      | Reached skill level 5 in Ranged Weapons
  1775 | D:3      | Found an iron altar of Okawaru.
  1776 | D:3      | 1776 ||| PLANNING OKAWARU WORSHIP
  1776 | D:3      | 1776 ||| UPGRADING to +0 pair of gloves.
  1788 | D:3      | Became a worshipper of Warmaster Okawaru
  1789 | D:3      | 1789 ||| PLANNING D:1-11
  1835 | D:3      | 1835 ||| Stepping ~*~*~tactically~*~*~ (outnumbered).
  1848 | D:3      | HP: 6/36 [gnoll/+0 halberd (9)]
  1849 | D:3      | 1849 ||| READING scroll of teleportation.
  1851 | D:3      | Mangled by a gnoll

Levels and vault maps discovered:
D:1:      doesnt_arrival_eight_statues, layout_basic
D:2:      layout_loops_ring, chequers_ecumenical_altar_simple_redux,
          minmay_box_of_dots, uniq_terence
D:3:      layout_loops_ring, kennysheep_okawaru_gauntlet,
          gammafunk_temple_overflow_statue

Skill      XL: |  1  2  3  4 |
---------------+-------------+-----
Ranged Weapons | 3 4 5 |  5.0
Fighting       | 2 |  2.6
Armour         | 1 |  1.0
Dodging        | |  2.1
Spellcasting   | |  1.0
Hexes          | |  2.0

Action                     |  1- 3 |  4- 6 || total
---------------------------+-------+-------++-------
   Fire: Sling             |   105 |    20 ||   125
         Shortbow          |       |    51 ||    51
    Use: Scroll            |     4 |     3 ||     7
 Armour: Robe              |     7 |     1 ||     8
         Ring mail         |       |     2 ||     2
  Dodge: Dodged            |    31 |    17 ||    48

Table legend:
 A = Non-vault XP
 B = Vault XP
 C = Vault XP percentage of total XP
 D = Non-vault monster count
 E = Vault monster count
 F = Vault count percentage of total count
                 A         B        C        D         E       F
            +---------+---------+-------+---------+---------+-------
      Total |     142 |      37 |  20.7 |      54 |       4 |   6.9
            +---------+---------+-------+---------+---------+-------
        D:1 |      47 |       0 |   0.0 |      30 |       0 |   0.0
        D:2 |      55 |      33 |  37.5 |      17 |       2 |  10.5
        D:3 |      40 |       4 |   9.1 |       7 |       2 |  22.2
            +---------+---------+-------+---------+---------+-------
